Canucks vs Sabres
(R1)
Created - May 6, 2018 at 23:07
Goals
|
| Canucks |
2 |
0 |
0 |
2 |
| Sabres |
2 |
0 |
2 |
4 |
|
Shots
|
| Canucks |
13 |
13 |
1 |
27 |
| Sabres |
12 |
13 |
17 |
42 |
|
1st period
1. Sabres , Andrei Loktionov 1 (Evander Kane 1, Zach Bogosian 1) at 0:39
2. Canucks , Chris Higgins 1 (Jamie McBain 1) at 10:41
3. Canucks , Matt Stajan 1 (Jiri Hudler 1, Alex Goligoski 1) at 11:17
4. Sabres , Jared Cowen 1 (Evander Kane 2, Robin Lehner) at 18:47 (PP)
Penalties :
Chris Higgins (Van) for Tripping (Minor) at 1:50, Peter Prucha (Van) for High sticking (Minor) at 8:34, Ryan Hollweg (Van) for Tripping (Minor) at 15:49, Ryan Hollweg (Van) for Hooking (Minor) at 18:08
2nd period
No Goal
Penalties :
Jordan Leopold (Buf) for Tripping (Minor) at 6:12, Jordan Leopold (Buf) for Unsportsmanlike conduct (Minor) at 11:42, Scottie Upshall (Buf) for Hooking (Minor) at 16:36
3rd period
5. Sabres , Ilya Kovalchuk 1 (Ryan O'Reilly 1, Evander Kane 3) at 1:43
6. Sabres , Brad Richardson 1 (Ilya Kovalchuk 1, Ryan O'Reilly 2) at 13:32
Penalties :
Jiri Hudler (Van) for Interference (Minor) at 3:26, Peter Prucha (Van) for Roughing (Minor) at 5:56, Peter Prucha (Van) for Hooking (Minor) at 15:21
Goalie Stats
Michal Neuvirth (Van), 38 saves from 42 shots - (0.905), L, 0-1-0, 60:00 minutes
Robin Lehner (Buf), 25 saves from 27 shots - (0.926), W, 1-0-0, 60:00 minutes
Players Stats for Canucks
Player Name G A P +/- PIM S H SB GA TA FO MP PP MP PK MP
------------------------------------------------------------------------------------
Alex Goligoski 0 1 1 1 0 4 0 5 1 1 0/0 29:27 3:53 4:56
Ben Lovejoy 0 0 0 -1 0 0 0 3 0 0 0/0 21:38 2:04 7:37
Brad Boyes 0 0 0 0 0 3 2 0 1 0 3/4 26:27 3:33 6:44
Chris Higgins 1 0 1 0 2 5 0 0 0 0 0/0 16:31 2:16 1:54
Clarke MacArthur 0 0 0 0 0 0 0 1 1 0 0/1 22:38 3:41 5:05
Danny DeKeiser 0 0 0 -1 0 2 0 1 0 0 0/0 14:05 3:53 0:00
Darren Helm 0 0 0 1 0 0 0 0 0 0 0/1 4:07 0:00 0:38
Jamie McBain 0 1 1 1 0 1 2 2 1 1 0/0 26:26 1:56 4:56
Jiri Hudler 0 1 1 -1 2 1 1 0 0 1 0/1 12:30 0:08 0:00
Martins Karsums 0 0 0 0 0 0 0 0 0 0 0/0 2:26 2:08 0:00
Matt Stajan 1 0 1 -1 0 4 0 0 1 0 6/7 12:55 0:16 0:00
Maxim Lapierre 0 0 0 -1 0 2 1 1 0 0 2/3 11:44 0:00 0:00
Mike Ribeiro 0 0 0 0 0 0 1 0 0 1 22/44 24:24 3:41 6:53
Nik Antropov 0 0 0 0 0 0 0 0 0 0 0/1 8:57 2:08 3:45
Peter Prucha 0 0 0 0 6 2 1 0 1 1 0/0 12:03 0:00 0:00
Ryan Hollweg 0 0 0 -1 4 2 1 0 0 0 0/0 12:38 0:00 0:07
Sami Lepisto 0 0 0 -1 0 1 1 0 0 1 0/0 10:55 0:00 0:00
Shaone Morrisonn 0 0 0 -1 0 0 2 2 0 2 0/0 17:29 0:08 7:37
Players Stats for Sabres
Player Name G A P +/- PIM S H SB GA TA FO MP PP MP PK MP
------------------------------------------------------------------------------------
Andrei Loktionov 1 0 1 1 0 4 1 0 0 0 8/17 18:40 6:49 0:00
Brad Richardson 1 0 1 1 0 2 3 2 0 1 1/2 18:05 5:33 0:07
Brandon Sutter 0 0 0 -1 0 2 0 0 1 0 0/3 10:27 0:19 1:22
Branko Radivojevic 0 0 0 -1 0 1 1 0 0 0 1/1 6:39 0:02 0:00
Darcy Hordichuk 0 0 0 0 0 2 0 0 0 0 0/1 8:27 0:00 0:54
Evander Kane 0 3 3 1 0 6 2 0 1 0 0/0 20:26 5:33 1:12
Ilya Kovalchuk 1 1 2 1 0 10 4 0 2 1 3/9 23:40 6:50 3:50
Jakub Kindl 0 0 0 2 0 0 1 2 0 0 0/0 10:39 0:00 0:00
Jared Cowen 1 0 1 -1 0 2 0 1 1 1 0/0 22:26 5:21 1:31
Jordan Leopold 0 0 0 2 4 1 1 0 1 1 0/0 11:40 0:36 0:00
Matt Martin 0 0 0 -1 0 2 1 0 0 0 0/0 9:00 0:00 0:13
Michael Kostka 0 0 0 -2 0 1 1 2 0 1 0/0 25:27 6:36 4:26
Rob Scuderi 0 0 0 1 0 1 1 0 1 1 0/0 23:18 5:21 1:31
Ryan O'Reilly 0 2 2 1 0 0 1 0 0 0 9/18 12:55 0:00 0:32
Scottie Upshall 0 0 0 1 2 1 0 0 0 0 0/2 19:05 6:41 0:00
Vincent Lecavalier 0 0 0 0 0 5 0 1 1 0 7/9 17:28 5:33 3:44
Zach Bogosian 0 1 1 0 0 2 2 2 0 0 0/0 26:58 7:12 4:26
Zack Kassian 0 0 0 0 0 0 1 0 0 0 0/0 8:40 0:19 0:00
3 Stars
1 - Ilya Kovalchuk (Buf)
2 - Evander Kane (Buf)
3 - Brad Richardson (Buf)
Power Play
Canucks - 0 on 3 Attempt(s) - 0.00%
Sabres - 1 on 7 Attempt(s) - 14.29%
Penalty Kill
Canucks - 6 on 7 Attempt(s) - 85.71%
- Score 0 goal in Penalty Kill
Sabres - 3 on 3 Attempt(s) - 100.00%
- Score 0 goal in Penalty Kill
Team Stat
Canucks - Hits : 12 - Faceoff Wins : 33 - Blocked Shots : 15 - Penalty Minutes : 14
Sabres - Hits : 20 - Faceoff Wins : 29 - Blocked Shots : 10 - Penalty Minutes : 6
Official
Referees : Meier Brad and Marouelli Dan
Linesman : Mark Shewchyk and Jay Sharrers
Game Notes
No Game Note
Finance
Level 1 -- Attendance: 6000 (100.00%) -- Ticket Income $540,000
Level 2 -- Attendance: 5000 (100.00%) -- Ticket Income $280,000
Level 3 -- Attendance: 2000 (100.00%) -- Ticket Income $74,000
Level 4 -- Attendance: 3471 (86.78%) -- Ticket Income $100,659
Luxury Box -- Attendance: 886 (88.60%) -- Ticket Income $145,304
Game was played at the Duff Garden.
Total Attendance: 17357 (96.43%)
Total Ticket Income: $1,139,963
Other Income: $170,994
Total Income: $1,310,957
Canucks
5 vs 5 Forward
Center Left Wing Right Wing Time % Phy DF OF
1 Mike Ribeiro Clarke MacArthur Brad Boyes 60 0 0 5
2 Matt Stajan Chris Higgins Jiri Hudler 22 0 0 5
3 Maxim Lapierre Ryan Hollweg Peter Prucha 14 0 2 3
4 Nik Antropov Darren Helm Brad Boyes 4 0 3 2
5 vs 5 Defense
Defense Defense Time % Phy DF OF
1 Jamie McBain Alex Goligoski 62 0 0 5
2 Ben Lovejoy Sami Lepisto 20 0 0 5
3 Shaone Morrisonn Danny DeKeiser 12 0 3 2
4 Alex Goligoski Danny DeKeiser 6 0 0 5
PowerPlay Forward
Center Left Wing Right Wing Time % Phy DF OF
1 Mike Ribeiro Clarke MacArthur Brad Boyes 80 0 0 5
2 Nik Antropov Chris Higgins Martins Karsums 20 0 0 5
PowerPlay Defense
Defense Defense Time % Phy DF OF
1 Danny DeKeiser Alex Goligoski 80 0 0 5
2 Ben Lovejoy Jamie McBain 20 0 0 5
Penalty Kill 4 Players Forward
Center Wing Time % Phy DF OF
1 Mike Ribeiro Brad Boyes 60 1 2 2
2 Clarke MacArthur Nik Antropov 40 1 2 2
Penalty Kill 4 Players Defense
Defense Defense Time % Phy DF OF
1 Shaone Morrisonn Ben Lovejoy 60 1 2 2
2 Jamie McBain Alex Goligoski 40 1 2 2
Penalty Kill - 3 Players Forward
Forward Time % Phy DF OF
1 Mike Ribeiro 60 1 2 2
2 Brad Boyes 40 1 2 2
Penalty Kill - 3 Players Defense
Defense Defense Time % Phy DF OF
1 Alex Goligoski Shaone Morrisonn 60 1 2 2
2 Jamie McBain Alex Goligoski 40 1 2 2
4 vs 4 Forward
Center Wing Time % Phy DF OF
1 Mike Ribeiro Brad Boyes 60 0 0 5
2 Clarke MacArthur Nik Antropov 40 1 2 2
4 vs 4 Defense
Defense Defense Time % Phy DF OF
1 Jamie McBain Alex Goligoski 60 0 0 5
2 Ben Lovejoy Alex Goligoski 40 1 2 2
Last Minutes Offensive
Center Left Wing Right Wing Defense Defense
Mike Ribeiro Clarke MacArthur Brad Boyes Alex Goligoski Jamie McBain
Last Minutes Defensive
Center Left Wing Right Wing Defense Defense
Mike Ribeiro Clarke MacArthur Brad Boyes Shaone Morrisonn Alex Goligoski
Goaltenders
Starting : Michal Neuvirth
Backup : Karri Ramo
Extra Forwards
Normal : Matt Stajan, Ryan Hollweg, Clarke MacArthur - PP : Matt Stajan, Ryan Hollweg - PK : Chris Higgins
Extra Defensemen
Normal : Ben Lovejoy, Sami Lepisto, Jamie McBain - PP : Shaone Morrisonn - PK : Sami Lepisto, Jamie McBain
Penalty Shots
Mike Ribeiro, Brad Boyes, Clarke MacArthur, Nik Antropov, Jiri Hudler
Scratches
Jordan LaVallee (Healthy), Stefan Ruzicka (Healthy)
Sabres
5 vs 5 Forward
Center Left Wing Right Wing Time % Phy DF OF
1 Ryan O'Reilly Ilya Kovalchuk Brad Richardson 40 0 2 3
2 Andrei Loktionov Evander Kane Scottie Upshall 30 0 2 3
3 Vincent Lecavalier Darcy Hordichuk Zack Kassian 20 0 2 3
4 Brandon Sutter Matt Martin Branko Radivojevic 10 0 2 3
5 vs 5 Defense
Defense Defense Time % Phy DF OF
1 Zach Bogosian Rob Scuderi 40 0 3 2
2 Jared Cowen Michael Kostka 40 0 3 2
3 Jordan Leopold Jakub Kindl 20 0 3 2
4 Zach Bogosian Michael Kostka 0 1 2 2
PowerPlay Forward
Center Left Wing Right Wing Time % Phy DF OF
1 Andrei Loktionov Ilya Kovalchuk Scottie Upshall 55 0 0 5
2 Vincent Lecavalier Evander Kane Brad Richardson 45 0 0 5
PowerPlay Defense
Defense Defense Time % Phy DF OF
1 Zach Bogosian Michael Kostka 55 0 1 4
2 Rob Scuderi Jared Cowen 45 0 2 3
Penalty Kill 4 Players Forward
Center Wing Time % Phy DF OF
1 Ilya Kovalchuk Vincent Lecavalier 60 0 5 0
2 Brandon Sutter Evander Kane 40 0 5 0
Penalty Kill 4 Players Defense
Defense Defense Time % Phy DF OF
1 Zach Bogosian Michael Kostka 60 0 5 0
2 Rob Scuderi Jared Cowen 40 0 5 0
Penalty Kill - 3 Players Forward
Forward Time % Phy DF OF
1 Brandon Sutter 60 0 5 0
2 Ilya Kovalchuk 40 0 5 0
Penalty Kill - 3 Players Defense
Defense Defense Time % Phy DF OF
1 Zach Bogosian Michael Kostka 60 0 5 0
2 Rob Scuderi Jared Cowen 40 0 5 0
4 vs 4 Forward
Center Wing Time % Phy DF OF
1 Ilya Kovalchuk Vincent Lecavalier 60 1 2 2
2 Darcy Hordichuk Evander Kane 40 1 2 2
4 vs 4 Defense
Defense Defense Time % Phy DF OF
1 Zach Bogosian Michael Kostka 60 1 2 2
2 Rob Scuderi Jared Cowen 40 1 2 2
Last Minutes Offensive
Center Left Wing Right Wing Defense Defense
Vincent Lecavalier Ilya Kovalchuk Scottie Upshall Zach Bogosian Michael Kostka
Last Minutes Defensive
Center Left Wing Right Wing Defense Defense
Vincent Lecavalier Ilya Kovalchuk Scottie Upshall Zach Bogosian Michael Kostka
Goaltenders
Starting : Robin Lehner
Backup : Jonas Hiller
Extra Forwards
Normal : Brandon Sutter, Zack Kassian, Matt Martin - PP : Brandon Sutter, Zack Kassian - PK : Matt Martin
Extra Defensemen
Normal : Jordan Leopold, Jakub Kindl, Rob Scuderi - PP : Jordan Leopold - PK : Jakub Kindl, Rob Scuderi
Penalty Shots
Ilya Kovalchuk, Vincent Lecavalier, Darcy Hordichuk, Evander Kane, Scottie Upshall
Scratches
Kyle Okposo (Fractured Orbital Bone Injury), Wade Redden (Healthy)
% Time on Ice - Canucks
Lines # - Real PCT - Wanted PCT - Time Play
Normal Forward
1 - 36% - 60% - 15:00
2 - 28% - 22% - 11:44
3 - 28% - 14% - 11:44
4 - 7% - 4% - 3:02
Normal Defense
1 - 48% - 62% - 20:07
2 - 27% - 20% - 11:21
3 - 21% - 12% - 8:55
4 - 3% - 6% - 1:07
PP Forward
1 - 64% - 80% - 3:49
2 - 36% - 20% - 2:08
PP Defense
1 - 68% - 80% - 4:01
2 - 32% - 20% - 1:56
PK Forward
1 - 70% - 60% - 8:48
2 - 30% - 40% - 3:45
PK Defense
1 - 61% - 60% - 7:37
2 - 39% - 40% - 4:56
PK3 Forward
1 - 0% - 60%
2 - 0% - 40%
PK3 Defense
1 - 0% - 60%
2 - 0% - 40%
44 Forward
1 - 0% - 60%
2 - 0% - 40%
44 Defense
1 - 0% - 60%
2 - 0% - 40%
Last Minute Offensive - 0:00
Last Minute Defensive - 0:00
Total
Forward - 60:00
Defense - 60:00
|
% Time on Ice - Sabres
Lines # - Real PCT - Wanted PCT - Time Play
Normal Forward
1 - 39% - 40% - 16:02
2 - 28% - 30% - 11:35
3 - 18% - 20% - 7:33
4 - 15% - 10% - 6:20
Normal Defense
1 - 36% - 40% - 15:05
2 - 37% - 40% - 15:31
3 - 26% - 20% - 10:39
4 - 1% - 0% - 0:15
PP Forward
1 - 56% - 55% - 7:00
2 - 44% - 45% - 5:33
PP Defense
1 - 57% - 55% - 7:12
2 - 43% - 45% - 5:21
PK Forward
1 - 83% - 60% - 4:58
2 - 17% - 40% - 0:59
PK Defense
1 - 75% - 60% - 4:26
2 - 25% - 40% - 1:31
PK3 Forward
1 - 0% - 60%
2 - 0% - 40%
PK3 Defense
1 - 0% - 60%
2 - 0% - 40%
44 Forward
1 - 0% - 60%
2 - 0% - 40%
44 Defense
1 - 0% - 60%
2 - 0% - 40%
Last Minute Offensive - 0:00
Last Minute Defensive - 0:00
Total
Forward - 60:00
Defense - 60:00
|
Play by Play
1st period
0:01 of 1st period - Mike Ribeiro wins face-off versus Ryan O'Reilly in neutral zone.
0:04 of 1st period - Ryan O'Reilly is hit by Brad Boyes and loses puck.
0:35 of 1st period - Wrist shot by Andrei Loktionov.
0:35 of 1st period - Stopped by Michal Neuvirth with a rebound.
0:39 of 1st period - Wrist shot by Andrei Loktionov.
0:39 of 1st period - Goal by Andrei Loktionov - Canucks : 0 - Sabres : 1.
0:40 of 1st period - Maxim Lapierre wins face-off versus Vincent Lecavalier in neutral zone.
0:49 of 1st period - Snap shot by Maxim Lapierre.
0:49 of 1st period - Stopped by Robin Lehner with a rebound.
1:50 of 1st period - Minor Penalty to Chris Higgins for Tripping.
1:51 of 1st period - Mike Ribeiro wins face-off versus Andrei Loktionov in Canucks zone.
2:17 of 1st period - Alex Goligoski is hit by Michael Kostka and loses puck.
2:22 of 1st period - Snap shot by Vincent Lecavalier.
2:22 of 1st period - Deflect By Nik Antropov.
2:22 of 1st period - Stopped by Michal Neuvirth with a rebound.
2:54 of 1st period - Ben Lovejoy is hit by Ilya Kovalchuk and loses puck.
3:19 of 1st period - Andrei Loktionov is hit by Shaone Morrisonn and loses puck.
3:50 of 1st period - Penalty to Chris Higgins is over, Chris Higgins is back on ice.
4:02 of 1st period - Snap shot by Chris Higgins.
4:02 of 1st period - Stopped by Robin Lehner without a rebound.
4:03 of 1st period - Matt Stajan wins face-off versus Brandon Sutter in Sabres zone.
4:06 of 1st period - Wrist shot by Chris Higgins.
4:06 of 1st period - Shot Misses the Net.
4:16 of 1st period - Snap shot by Chris Higgins.
4:16 of 1st period - Stopped by Robin Lehner without a rebound.
4:17 of 1st period - Brad Boyes wins face-off versus Brad Richardson in Sabres zone.
5:45 of 1st period - Peter Prucha is hit by Evander Kane and loses puck.
5:50 of 1st period - Backhand shot by Andrei Loktionov.
5:50 of 1st period - Shot Misses the Net.
5:52 of 1st period - Wrist shot by Andrei Loktionov.
5:52 of 1st period - Deflect By Scottie Upshall.
5:52 of 1st period - Shot Blocked by Maxim Lapierre.
5:52 of 1st period - Puck is out of play.
5:53 of 1st period - Mike Ribeiro wins face-off versus Ryan O'Reilly in Canucks zone.
6:22 of 1st period - Snap shot by Evander Kane.
6:22 of 1st period - Shot Misses the Net.
6:24 of 1st period - Wrist shot by Evander Kane.
6:24 of 1st period - Deflect By Scottie Upshall.
6:24 of 1st period - Shot Misses the Net.
6:24 of 1st period - Puck is out of play.
6:25 of 1st period - Ryan O'Reilly wins face-off versus Mike Ribeiro in Canucks zone.
7:17 of 1st period - Snap shot by Ryan Hollweg.
7:17 of 1st period - Stopped by Robin Lehner with a rebound.
7:19 of 1st period - Snap shot by Danny DeKeiser.
7:19 of 1st period - Shot Blocked by Jared Cowen.
7:21 of 1st period - Slapshot by Peter Prucha.
7:21 of 1st period - Stopped by Robin Lehner with a rebound.
7:23 of 1st period - Snap shot by Peter Prucha.
7:23 of 1st period - Stopped by Robin Lehner with a rebound.
7:37 of 1st period - Shaone Morrisonn is hit by Ryan O'Reilly and loses puck.
7:46 of 1st period - Snap shot by Brad Richardson.
7:46 of 1st period - Shot Misses the Net.
8:34 of 1st period - Minor Penalty to Peter Prucha for High sticking.
8:35 of 1st period - Vincent Lecavalier wins face-off versus Mike Ribeiro in Canucks zone.
8:40 of 1st period - Slapshot by Evander Kane.
8:40 of 1st period - Stopped by Michal Neuvirth with a rebound.
8:42 of 1st period - Snap shot by Evander Kane.
8:42 of 1st period - Stopped by Michal Neuvirth with a rebound.
10:34 of 1st period - Penalty to Peter Prucha is over, Peter Prucha is back on ice.
10:41 of 1st period - Backhand shot by Chris Higgins.
10:41 of 1st period - Goal by Chris Higgins - Canucks : 1 - Sabres : 1.
10:42 of 1st period - Vincent Lecavalier wins face-off versus Mike Ribeiro in neutral zone.
11:17 of 1st period - Snap shot by Matt Stajan.
11:17 of 1st period - Goal by Matt Stajan - Canucks : 2 - Sabres : 1.
11:18 of 1st period - Mike Ribeiro wins face-off versus Ryan O'Reilly in neutral zone.
11:27 of 1st period - Slapshot by Zach Bogosian.
11:27 of 1st period - Stopped by Michal Neuvirth without a rebound.
11:28 of 1st period - Brad Boyes wins face-off versus Ilya Kovalchuk in Canucks zone.
11:53 of 1st period - Backhand shot by Mike Ribeiro.
11:53 of 1st period - Shot Misses the Net.
11:55 of 1st period - Snap shot by Alex Goligoski.
11:55 of 1st period - Stopped by Robin Lehner without a rebound.
11:56 of 1st period - Matt Stajan wins face-off versus Scottie Upshall in Sabres zone.
12:08 of 1st period - Icing by Sami Lepisto.
12:09 of 1st period - Ryan O'Reilly wins face-off versus Matt Stajan in Canucks zone.
12:45 of 1st period - Snap shot by Andrei Loktionov.
12:45 of 1st period - Stopped by Michal Neuvirth with a rebound.
13:47 of 1st period - Snap shot by Chris Higgins.
13:47 of 1st period - Shot Blocked by Jakub Kindl.
13:49 of 1st period - Snap shot by Matt Stajan.
13:49 of 1st period - Stopped by Robin Lehner with a rebound.
14:14 of 1st period - Slapshot by Alex Goligoski.
14:14 of 1st period - Stopped by Robin Lehner with a rebound.
14:37 of 1st period - Snap shot by Andrei Loktionov.
14:37 of 1st period - Stopped by Michal Neuvirth with a rebound.
14:39 of 1st period - Snap shot by Jordan Leopold.
14:39 of 1st period - Deflect By Evander Kane.
14:39 of 1st period - Stopped by Michal Neuvirth without a rebound.
14:40 of 1st period - Ryan O'Reilly wins face-off versus Maxim Lapierre in Canucks zone.
14:45 of 1st period - Wrist shot by Brad Richardson.
14:45 of 1st period - Shot Misses the Net.
14:47 of 1st period - Slapshot by Michael Kostka.
14:47 of 1st period - Stopped by Michal Neuvirth without a rebound.
14:48 of 1st period - Maxim Lapierre wins face-off versus Ryan O'Reilly in Canucks zone.
14:54 of 1st period - Off-side.
14:55 of 1st period - Ryan O'Reilly wins face-off versus Mike Ribeiro in neutral zone.
15:12 of 1st period - Wrist shot by Ryan O'Reilly.
15:12 of 1st period - Shot Blocked by Alex Goligoski.
15:32 of 1st period - Snap shot by Jiri Hudler.
15:32 of 1st period - Stopped by Robin Lehner with a rebound.
15:34 of 1st period - Slapshot by Alex Goligoski.
15:34 of 1st period - Deflect By Chris Higgins.
15:34 of 1st period - Stopped by Robin Lehner with a rebound.
15:49 of 1st period - Minor Penalty to Ryan Hollweg for Tripping.
15:50 of 1st period - Andrei Loktionov wins face-off versus Mike Ribeiro in Canucks zone.
17:49 of 1st period - Penalty to Ryan Hollweg is over, Ryan Hollweg is back on ice.
17:55 of 1st period - Danny DeKeiser is hit by Zack Kassian and loses puck.
18:08 of 1st period - Minor Penalty to Ryan Hollweg for Hooking.
18:09 of 1st period - Mike Ribeiro wins face-off versus Andrei Loktionov in Canucks zone.
18:45 of 1st period - Snap shot by Jared Cowen.
18:45 of 1st period - Stopped by Michal Neuvirth with a rebound.
18:47 of 1st period - Slapshot by Jared Cowen.
18:47 of 1st period - Goal by Jared Cowen - Canucks : 2 - Sabres : 2.
18:48 of 1st period - Ryan O'Reilly wins face-off versus Mike Ribeiro in neutral zone.
18:55 of 1st period - Snap shot by Ilya Kovalchuk.
18:55 of 1st period - Shot Blocked by Jamie McBain.
19:17 of 1st period - Wrist shot by Andrei Loktionov.
19:17 of 1st period - Shot Misses the Net.
19:19 of 1st period - Wrist shot by Andrei Loktionov.
19:19 of 1st period - Deflect By Scottie Upshall.
19:19 of 1st period - Shot Blocked by Alex Goligoski.
19:19 of 1st period - Puck is out of play.
19:20 of 1st period - Matt Stajan wins face-off versus Andrei Loktionov in Canucks zone.
19:37 of 1st period - Snap shot by Andrei Loktionov.
19:37 of 1st period - Shot Misses the Net.
Goals for this period are 2 for Canucks vs 2 for Sabres.
Shots for this period are 13 for Canucks vs 12 for Sabres.
2nd period
0:01 of 2nd period - Mike Ribeiro wins face-off versus Ryan O'Reilly in neutral zone.
0:08 of 2nd period - Alex Goligoski is hit by Brad Richardson and loses puck.
0:25 of 2nd period - Michael Kostka is hit by Jamie McBain and loses puck.
0:30 of 2nd period - Wrist shot by Maxim Lapierre.
0:30 of 2nd period - Shot Blocked by Michael Kostka.
0:32 of 2nd period - Wrist shot by Sami Lepisto.
0:32 of 2nd period - Stopped by Robin Lehner without a rebound.
0:33 of 2nd period - Mike Ribeiro wins face-off versus Darcy Hordichuk in Sabres zone.
1:01 of 2nd period - Slapshot by Ilya Kovalchuk.
1:01 of 2nd period - Stopped by Michal Neuvirth with a rebound.
1:07 of 2nd period - Slapshot by Ben Lovejoy.
1:07 of 2nd period - Shot Blocked by Jakub Kindl.
1:09 of 2nd period - Wrist shot by Ben Lovejoy.
1:09 of 2nd period - Shot Blocked by Brad Richardson.
1:11 of 2nd period - Wrist shot by Matt Stajan.
1:11 of 2nd period - Stopped by Robin Lehner without a rebound.
1:12 of 2nd period - Mike Ribeiro wins face-off versus Andrei Loktionov in Sabres zone.
2:05 of 2nd period - Slapshot by Rob Scuderi.
2:05 of 2nd period - Stopped by Michal Neuvirth without a rebound.
2:06 of 2nd period - Ryan O'Reilly wins face-off versus Jiri Hudler in Canucks zone.
2:23 of 2nd period - Snap shot by Chris Higgins.
2:23 of 2nd period - Stopped by Robin Lehner without a rebound.
2:24 of 2nd period - Vincent Lecavalier wins face-off versus Mike Ribeiro in Sabres zone.
2:24 of 2nd period - Vincent Lecavalier is hit by Mike Ribeiro.
2:54 of 2nd period - Wrist shot by Ilya Kovalchuk.
2:54 of 2nd period - Deflect By Alex Goligoski.
2:54 of 2nd period - Stopped by Michal Neuvirth with a rebound.
3:00 of 2nd period - Ryan O'Reilly is hit by Jiri Hudler and loses puck.
3:16 of 2nd period - Maxim Lapierre is hit by Branko Radivojevic and loses puck.
3:38 of 2nd period - Slapshot by Mike Ribeiro.
3:38 of 2nd period - Shot Misses the Net.
4:37 of 2nd period - Wrist shot by Ryan Hollweg.
4:37 of 2nd period - Stopped by Robin Lehner with a rebound.
5:35 of 2nd period - Snap shot by Ilya Kovalchuk.
5:35 of 2nd period - Stopped by Michal Neuvirth with a rebound.
5:37 of 2nd period - Slapshot by Darcy Hordichuk.
5:37 of 2nd period - Stopped by Michal Neuvirth with a rebound.
5:55 of 2nd period - Snap shot by Jamie McBain.
5:55 of 2nd period - Stopped by Robin Lehner with a rebound.
6:05 of 2nd period - Slapshot by Brandon Sutter.
6:05 of 2nd period - Stopped by Michal Neuvirth with a rebound.
6:12 of 2nd period - Minor Penalty to Jordan Leopold for Tripping.
6:13 of 2nd period - Brad Boyes wins face-off versus Ilya Kovalchuk in Sabres zone.
6:14 of 2nd period - Wrist shot by Clarke MacArthur.
6:14 of 2nd period - Shot Misses the Net.
6:16 of 2nd period - Backhand shot by Alex Goligoski.
6:16 of 2nd period - Stopped by Robin Lehner without a rebound.
6:17 of 2nd period - Ilya Kovalchuk wins face-off versus Mike Ribeiro in Sabres zone.
6:22 of 2nd period - Slapshot by Brad Boyes.
6:22 of 2nd period - Stopped by Robin Lehner with a rebound.
6:24 of 2nd period - Wrist shot by Alex Goligoski.
6:24 of 2nd period - Shot Misses the Net.
6:26 of 2nd period - Slapshot by Alex Goligoski.
6:26 of 2nd period - Stopped by Robin Lehner with a rebound.
6:28 of 2nd period - Wrist shot by Brad Boyes.
6:28 of 2nd period - Shot Blocked by Vincent Lecavalier.
6:30 of 2nd period - Slapshot by Danny DeKeiser.
6:30 of 2nd period - Deflect By Vincent Lecavalier.
6:30 of 2nd period - Stopped by Robin Lehner without a rebound.
6:31 of 2nd period - Mike Ribeiro wins face-off versus Ilya Kovalchuk in Sabres zone.
6:32 of 2nd period - Backhand shot by Brad Boyes.
6:32 of 2nd period - Shot Misses the Net.
6:34 of 2nd period - Snap shot by Clarke MacArthur.
6:34 of 2nd period - Shot Blocked by Zach Bogosian.
6:38 of 2nd period - Wrist shot by Brad Boyes.
6:38 of 2nd period - Stopped by Robin Lehner with a rebound.
6:40 of 2nd period - Slapshot by Ben Lovejoy.
6:40 of 2nd period - Deflect By Clarke MacArthur.
6:40 of 2nd period - Shot Blocked by Michael Kostka.
6:40 of 2nd period - Puck is out of play.
6:41 of 2nd period - Mike Ribeiro wins face-off versus Ilya Kovalchuk in Sabres zone.
7:02 of 2nd period - Snap shot by Brad Boyes.
7:02 of 2nd period - Stopped by Robin Lehner without a rebound.
7:03 of 2nd period - Mike Ribeiro wins face-off versus Ilya Kovalchuk in Sabres zone.
7:08 of 2nd period - Slapshot by Alex Goligoski.
7:08 of 2nd period - Shot Blocked by Zach Bogosian.
8:12 of 2nd period - Penalty to Jordan Leopold is over, Jordan Leopold is back on ice.
8:22 of 2nd period - Slapshot by Maxim Lapierre.
8:22 of 2nd period - Stopped by Robin Lehner with a rebound.
8:52 of 2nd period - Ryan Hollweg is hit by Jakub Kindl and loses puck.
9:06 of 2nd period - Matt Martin is hit by Ryan Hollweg and loses puck.
9:19 of 2nd period - Ben Lovejoy is hit by Zach Bogosian and loses puck.
10:38 of 2nd period - Wrist shot by Matt Martin.
10:38 of 2nd period - Stopped by Michal Neuvirth without a rebound.
10:39 of 2nd period - Vincent Lecavalier wins face-off versus Brad Boyes in Canucks zone.
10:50 of 2nd period - Wrist shot by Darcy Hordichuk.
10:50 of 2nd period - Shot Misses the Net.
10:52 of 2nd period - Backhand shot by Zack Kassian.
10:52 of 2nd period - Shot Hit the Post.
10:54 of 2nd period - Slapshot by Zach Bogosian.
10:54 of 2nd period - Deflect By Darcy Hordichuk.
10:54 of 2nd period - Stopped by Michal Neuvirth with a rebound.
11:04 of 2nd period - Jamie McBain is hit by Brad Richardson and loses puck.
11:11 of 2nd period - Wrist shot by Ilya Kovalchuk.
11:11 of 2nd period - Stopped by Michal Neuvirth with a rebound.
11:42 of 2nd period - Minor Penalty to Jordan Leopold for Unsportsmanlike conduct.
11:43 of 2nd period - Mike Ribeiro wins face-off versus Ilya Kovalchuk in Sabres zone.
13:42 of 2nd period - Penalty to Jordan Leopold is over, Jordan Leopold is back on ice.
13:48 of 2nd period - Jiri Hudler is hit by Jordan Leopold and loses puck.
14:22 of 2nd period - Icing by Alex Goligoski.
14:23 of 2nd period - Mike Ribeiro wins face-off versus Ryan O'Reilly in Canucks zone.
14:40 of 2nd period - Brad Boyes is hit by Zach Bogosian and loses puck.
15:09 of 2nd period - Peter Prucha is hit by Matt Martin and loses puck.
15:59 of 2nd period - Off-side.
16:00 of 2nd period - Andrei Loktionov wins face-off versus Nik Antropov in neutral zone.
16:04 of 2nd period - Off-side.
16:05 of 2nd period - Andrei Loktionov wins face-off versus Darren Helm in neutral zone.
16:14 of 2nd period - Wrist shot by Evander Kane.
16:14 of 2nd period - Stopped by Michal Neuvirth without a rebound.
16:15 of 2nd period - Mike Ribeiro wins face-off versus Andrei Loktionov in Canucks zone.
16:36 of 2nd period - Minor Penalty to Scottie Upshall for Hooking.
16:37 of 2nd period - Ilya Kovalchuk wins face-off versus Clarke MacArthur in Sabres zone.
16:49 of 2nd period - Slapshot by Michael Kostka.
16:49 of 2nd period - Shot Blocked by Clarke MacArthur.
16:51 of 2nd period - Wrist shot by Ilya Kovalchuk.
16:51 of 2nd period - Stopped by Michal Neuvirth without a rebound.
16:52 of 2nd period - Ilya Kovalchuk wins face-off versus Mike Ribeiro in Canucks zone.
17:24 of 2nd period - Slapshot by Danny DeKeiser.
17:24 of 2nd period - Stopped by Robin Lehner without a rebound.
17:25 of 2nd period - Vincent Lecavalier wins face-off versus Mike Ribeiro in Sabres zone.
17:36 of 2nd period - Wrist shot by Vincent Lecavalier.
17:36 of 2nd period - Stopped by Michal Neuvirth with a rebound.
18:36 of 2nd period - Penalty to Scottie Upshall is over, Scottie Upshall is back on ice.
18:42 of 2nd period - Jamie McBain is hit by Rob Scuderi and loses puck.
18:53 of 2nd period - Jared Cowen is hit by Maxim Lapierre.
19:28 of 2nd period - Scottie Upshall is hit by Shaone Morrisonn and loses puck.
19:47 of 2nd period - Snap shot by Matt Martin.
19:47 of 2nd period - Shot Misses the Net.
19:49 of 2nd period - Wrist shot by Branko Radivojevic.
19:49 of 2nd period - Stopped by Michal Neuvirth without a rebound.
19:50 of 2nd period - Branko Radivojevic wins face-off versus Mike Ribeiro in Canucks zone.
Goals for this period are 0 for Canucks vs 0 for Sabres.
Shots for this period are 13 for Canucks vs 13 for Sabres.
3rd period
0:01 of 3rd period - Andrei Loktionov wins face-off versus Mike Ribeiro in neutral zone.
0:08 of 3rd period - Snap shot by Scottie Upshall.
0:08 of 3rd period - Stopped by Michal Neuvirth with a rebound.
0:10 of 3rd period - Snap shot by Scottie Upshall.
0:10 of 3rd period - Deflect By Evander Kane.
0:10 of 3rd period - Shot Misses the Net.
0:10 of 3rd period - Puck is out of play.
0:11 of 3rd period - Andrei Loktionov wins face-off versus Mike Ribeiro in Canucks zone.
0:28 of 3rd period - Wrist shot by Evander Kane.
0:28 of 3rd period - Shot Misses the Net.
1:43 of 3rd period - Snap shot by Ilya Kovalchuk.
1:43 of 3rd period - Goal by Ilya Kovalchuk - Canucks : 2 - Sabres : 3.
1:44 of 3rd period - Ryan O'Reilly wins face-off versus Mike Ribeiro in neutral zone.
2:10 of 3rd period - Andrei Loktionov is hit by Jamie McBain.
2:53 of 3rd period - Snap shot by Ilya Kovalchuk.
2:53 of 3rd period - Stopped by Michal Neuvirth without a rebound.
2:54 of 3rd period - Ryan O'Reilly wins face-off versus Mike Ribeiro in Canucks zone.
2:57 of 3rd period - Slapshot by Ilya Kovalchuk.
2:57 of 3rd period - Stopped by Michal Neuvirth without a rebound.
2:58 of 3rd period - Ryan O'Reilly wins face-off versus Mike Ribeiro in Canucks zone.
3:26 of 3rd period - Minor Penalty to Jiri Hudler for Interference.
3:27 of 3rd period - Andrei Loktionov wins face-off versus Mike Ribeiro in Canucks zone.
3:44 of 3rd period - Snap shot by Scottie Upshall.
3:44 of 3rd period - Shot Misses the Net.
4:30 of 3rd period - Snap shot by Zach Bogosian.
4:30 of 3rd period - Stopped by Michal Neuvirth without a rebound.
4:31 of 3rd period - Andrei Loktionov wins face-off versus Mike Ribeiro in Canucks zone.
5:16 of 3rd period - Wrist shot by Brad Boyes.
5:16 of 3rd period - Shot Hit the Post.
5:26 of 3rd period - Penalty to Jiri Hudler is over, Jiri Hudler is back on ice.
5:56 of 3rd period - Minor Penalty to Peter Prucha for Roughing.
5:57 of 3rd period - Mike Ribeiro wins face-off versus Andrei Loktionov in Canucks zone.
6:05 of 3rd period - Slapshot by Jared Cowen.
6:05 of 3rd period - Shot Blocked by Shaone Morrisonn.
6:07 of 3rd period - Slapshot by Jared Cowen.
6:07 of 3rd period - Deflect By Ilya Kovalchuk.
6:07 of 3rd period - Stopped by Michal Neuvirth without a rebound.
6:08 of 3rd period - Mike Ribeiro wins face-off versus Andrei Loktionov in Canucks zone.
6:19 of 3rd period - Mike Ribeiro is hit by Ilya Kovalchuk and loses puck.
6:34 of 3rd period - Brad Boyes is hit by Brad Richardson and loses puck.
7:56 of 3rd period - Penalty to Peter Prucha is over, Peter Prucha is back on ice.
8:00 of 3rd period - Scottie Upshall is hit by Peter Prucha.
8:16 of 3rd period - Slapshot by Brandon Sutter.
8:16 of 3rd period - Stopped by Michal Neuvirth with a rebound.
8:18 of 3rd period - Wrist shot by Jordan Leopold.
8:18 of 3rd period - Stopped by Michal Neuvirth without a rebound.
8:19 of 3rd period - Mike Ribeiro wins face-off versus Brandon Sutter in Canucks zone.
8:51 of 3rd period - Wrist shot by Vincent Lecavalier.
8:51 of 3rd period - Stopped by Michal Neuvirth without a rebound.
8:52 of 3rd period - Vincent Lecavalier wins face-off versus Mike Ribeiro in Canucks zone.
9:19 of 3rd period - Matt Stajan is hit by Andrei Loktionov.
9:31 of 3rd period - Snap shot by Evander Kane.
9:31 of 3rd period - Deflect By Ben Lovejoy.
9:31 of 3rd period - Shot Blocked by Ben Lovejoy.
9:31 of 3rd period - Puck is out of play.
9:32 of 3rd period - Mike Ribeiro wins face-off versus Ryan O'Reilly in Canucks zone.
9:49 of 3rd period - Jared Cowen is hit by Brad Boyes and loses puck.
10:10 of 3rd period - Wrist shot by Andrei Loktionov.
10:10 of 3rd period - Shot Blocked by Alex Goligoski.
10:44 of 3rd period - Alex Goligoski is hit by Ilya Kovalchuk and loses puck.
10:59 of 3rd period - Snap shot by Ryan Hollweg.
10:59 of 3rd period - Shot Misses the Net.
11:09 of 3rd period - Wrist shot by Matt Martin.
11:09 of 3rd period - Stopped by Michal Neuvirth without a rebound.
11:10 of 3rd period - Brad Richardson wins face-off versus Mike Ribeiro in Canucks zone.
11:54 of 3rd period - Scottie Upshall is hit by Sami Lepisto and loses puck.
12:28 of 3rd period - Icing by Clarke MacArthur.
12:29 of 3rd period - Matt Stajan wins face-off versus Ryan O'Reilly in Canucks zone.
13:16 of 3rd period - Wrist shot by Maxim Lapierre.
13:16 of 3rd period - Shot Blocked by Brad Richardson.
13:26 of 3rd period - Snap shot by Ryan O'Reilly.
13:26 of 3rd period - Shot Blocked by Danny DeKeiser.
13:28 of 3rd period - Wrist shot by Ryan O'Reilly.
13:28 of 3rd period - Shot Misses the Net.
13:30 of 3rd period - Snap shot by Ilya Kovalchuk.
13:30 of 3rd period - Stopped by Michal Neuvirth with a rebound.
13:32 of 3rd period - Snap shot by Brad Richardson.
13:32 of 3rd period - Goal by Brad Richardson - Canucks : 2 - Sabres : 4.
13:33 of 3rd period - Andrei Loktionov wins face-off versus Mike Ribeiro in neutral zone.
13:55 of 3rd period - Icing by Evander Kane.
13:56 of 3rd period - Matt Stajan wins face-off versus Andrei Loktionov in Sabres zone.
14:05 of 3rd period - Wrist shot by Evander Kane.
14:05 of 3rd period - Stopped by Michal Neuvirth with a rebound.
14:07 of 3rd period - Wrist shot by Evander Kane.
14:07 of 3rd period - Shot Misses the Net.
14:09 of 3rd period - Snap shot by Andrei Loktionov.
14:09 of 3rd period - Shot Misses the Net.
14:11 of 3rd period - Snap shot by Scottie Upshall.
14:11 of 3rd period - Deflect By Evander Kane.
14:11 of 3rd period - Stopped by Michal Neuvirth without a rebound.
14:12 of 3rd period - Mike Ribeiro wins face-off versus Ryan O'Reilly in Canucks zone.
14:25 of 3rd period - Snap shot by Brad Richardson.
14:25 of 3rd period - Shot Blocked by Alex Goligoski.
14:27 of 3rd period - Slapshot by Michael Kostka.
14:27 of 3rd period - Shot Blocked by Jamie McBain.
14:29 of 3rd period - Slapshot by Jared Cowen.
14:29 of 3rd period - Shot Blocked by Alex Goligoski.
15:15 of 3rd period - Slapshot by Andrei Loktionov.
15:15 of 3rd period - Shot Blocked by Ben Lovejoy.
15:21 of 3rd period - Minor Penalty to Peter Prucha for Hooking.
15:22 of 3rd period - Mike Ribeiro wins face-off versus Andrei Loktionov in Canucks zone.
15:30 of 3rd period - Off-side.
15:31 of 3rd period - Mike Ribeiro wins face-off versus Scottie Upshall in neutral zone.
15:49 of 3rd period - Off-side.
15:50 of 3rd period - Vincent Lecavalier wins face-off versus Mike Ribeiro in neutral zone.
16:01 of 3rd period - Wrist shot by Vincent Lecavalier.
16:01 of 3rd period - Stopped by Michal Neuvirth with a rebound.
16:03 of 3rd period - Snap shot by Brad Richardson.
16:03 of 3rd period - Stopped by Michal Neuvirth with a rebound.
16:05 of 3rd period - Slapshot by Jared Cowen.
16:05 of 3rd period - Shot Blocked by Shaone Morrisonn.
16:15 of 3rd period - Ben Lovejoy is hit by Ilya Kovalchuk and loses puck.
16:42 of 3rd period - Alex Goligoski is hit by Evander Kane and loses puck.
17:21 of 3rd period - Penalty to Peter Prucha is over, Peter Prucha is back on ice.
17:26 of 3rd period - Icing by Shaone Morrisonn.
17:27 of 3rd period - Matt Stajan wins face-off versus Brandon Sutter in Canucks zone.
17:34 of 3rd period - Snap shot by Matt Stajan.
17:34 of 3rd period - Stopped by Robin Lehner with a rebound.
18:24 of 3rd period - Wrist shot by Darcy Hordichuk.
18:24 of 3rd period - Shot Misses the Net.
18:26 of 3rd period - Slapshot by Michael Kostka.
18:26 of 3rd period - Shot Blocked by Ben Lovejoy.
18:30 of 3rd period - Wrist shot by Vincent Lecavalier.
18:30 of 3rd period - Stopped by Michal Neuvirth with a rebound.
19:06 of 3rd period - Snap shot by Brandon Sutter.
19:06 of 3rd period - Deflect By Matt Martin.
19:06 of 3rd period - Shot Hit the Post.
19:06 of 3rd period - Puck is out of play.
19:07 of 3rd period - Mike Ribeiro wins face-off versus Vincent Lecavalier in Canucks zone.
Goals for this period are 0 for Canucks vs 2 for Sabres.
Shots for this period are 1 for Canucks vs 17 for Sabres.
Back to the Top